 Dungeon Crawl Stone Soup version 0.19.0-24-gb05acd6 (webtiles) character file.

4560 Kwzr the Protected (level 10, -4/50 HPs)
             Began as a Tengu Warper on Nov 23, 2016.
             Was a Priest of Hepliaklqana.
             Slain by a komodo dragon (28 damage)
             ... on level 1 of the Lair of Beasts.
             The game lasted 00:52:20 (8337 turns).

Kwzr the Protected (Tengu Warper)                   Turns: 8337, Time: 00:52:35

Health: -4/50      AC:  8    Str: 12    XL:     10   Next: 40%
Magic:  18/20      EV: 14    Int: 13    God:    Hepliaklqana [***...]
Gold:   254        SH:  5    Dex: 17    Spells: 3 memorised, 14 levels left

rFire  . . .     SeeInvis +     a - +6 war axe (drain)
rCold  . . .     Gourm    .     o - +3 leather armour {rN+}
rNeg   + . .     Faith    .     r - +0 buckler
rPois  .         Spirit   .     (helmet restricted)
rElec  .         Reflect  .     L - +0 cloak
rCorr  .         Harm     .     (no gloves)
MR     .....                    (boots unavailable)
Stlth  +.........               (no amulet)
                                M - ring of see invisible
                                g - +6 ring of slaying

@: no status effects
A: reduced essence, beak, talons 3, able to fly 1
a: Fly, Recall Ancestor, Ancestor Identity, Transference, Renounce Religion


You were on level 1 of the Lair of Beasts.
You worshipped Hepliaklqana.
Hepliaklqana was most pleased with you.
You were hungry.

You visited 2 branches of the dungeon, and saw 9 of its levels.
You also visited: Ossuary.

You collected 487 gold pieces.
You spent 233 gold pieces at shops.

Inventory:

Hand Weapons
 a - a +6 war axe of draining (weapon)
 b - a +0 hunting sling
 t - a cursed -2 hand axe
 G - a +0 mace
Missiles
 e - 5 tomahawks of dispersal
 l - 237 stones (quivered)
 q - 114 sling bullets
 E - 6 poisoned tomahawks
Armour
 o - a +3 leather armour of positive energy (worn)
 r - a +0 buckler (worn)
 y - a +3 ring mail
 I - a +2 plate armour of positive energy
 L - a +0 cloak (worn)
 S - the +0 plate armour "Omysio" {rN+ Int+4}
   (You found it on level 6 of the Dungeon)

   It affects your intelligence (+4).
   It protects you from negative energy.
Magical Staves
 u - an uncursed staff of fire {unknown}
Jewellery
 g - a +6 ring of slaying (left hand)
 M - a ring of see invisible (right hand)
 P - an uncursed ring of protection from cold
 V - an uncursed ring of flight
Wands
 i - a wand of lightning (2/15)
 T - a wand of teleportation (3/9)
 W - a wand of flame (21/48)
 Y - a wand of lightning (9/15)
Scrolls
 d - 3 scrolls of blinking
 j - a scroll of vulnerability {unknown}
 n - a scroll of enchant armour
 p - 2 scrolls of identify
 s - 3 scrolls of remove curse
 v - a scroll of fear {unknown}
 w - 4 scrolls of amnesia
 x - 3 scrolls of magic mapping {unknown}
 N - a scroll of noise {unknown}
 O - a scroll of fog {unknown}
 Q - 2 scrolls of teleportation {unknown}
 U - a scroll of acquirement {unknown}
Potions
 h - 2 potions of flight
 k - 2 potions of might {unknown}
 m - a potion of heal wounds
 z - 3 potions of invisibility
 A - 2 potions of lignification
 B - a potion of magic
 C - a potion of haste {unknown}
 D - a potion of resistance {unknown}
 H - 2 potions of curing {unknown}
 R - a potion of ambrosia {unknown}
Books
 c - a book of Spatial Translocations

   Spells                             Type                      Level
   a - Blink                          Translocation                2
   b - Shroud of Golubria             Charms/Translocation         2
   c - Lesser Beckoning               Translocation                3
   d - Portal Projectile              Translocation                3
   e - Teleport Other                 Translocation                3
   f - Passage of Golubria            Translocation                4
 J - a book of Misfortune

   Spells                             Type                      Level
   a - Confusing Touch                Hexes                        1
   b - Confuse                        Hexes                        3
   c - Gell's Gravitas                Hexes/Translocation          3
   d - Petrify                        Transmutation/Earth          4
   e - Metabolic Englaciation         Hexes/Ice                    5
   f - Yara's Violent Unravelling     Hexes/Transmutation          5
 K - a book of Geomancy

   Spells                             Type                      Level
   a - Sandblast                      Earth                        1
   b - Passwall                       Transmutation/Earth          2
   c - Stone Arrow                    Conjuration/Earth            3
   d - Petrify                        Transmutation/Earth          4
   e - Lee's Rapid Deconstruction     Earth                        5
Comestibles
 f - 3 bread rations
 F - 5 meat rations


   Skills:
 - Level 4.0 Fighting
 + Level 7.6 Maces & Flails
 - Level 1.0 Throwing
 - Level 8.0 Armour
 - Level 5.3 Dodging
 - Level 2.0 Shields
 - Level 6.0 Spellcasting
 - Level 3.0 Charms
 - Level 5.3 Translocations


You had 14 spell levels left.
You knew the following spells:

 Your Spells              Type           Power        Failure   Level  Hunger
a - Blink                 Tloc           N/A          6%          2    ##.....
b - Shroud of Golubria    Chrm/Tloc      ##........   10%         2    ##.....
c - Teleport Other        Tloc           ###.....     12%         3    ###....


Dungeon Overview and Level Annotations

Branches:
Dungeon (8/15)             Temple (0/1) D:5            Lair (1/6) D:8

Altars:
Ashenzari
Cheibriados
Dithmenos
Gozag
Hepliaklqana
Makhleb
Ru
Xom
Yredelemnul
Zin
The Shining One

Shops:
D:4 (


Innate Abilities, Weirdness & Mutations

You have a beak for a mouth.
You have claws for feet.
You can fly.
Your life essence is reduced. (-10% HP)


Message History

You are feeling hungry.
You start resting.
HP restored.
Casting: Blink
Confirm with . or Enter, or press ? or * to list all spells.
Space distorts slightly along a thin shroud covering your body.
You climb downwards.
Welcome to the Lair of Beasts!
The water moccasin bites you but does no damage.
The komodo dragon completely misses you.
The water moccasin bites you.
Your shroud falls apart!
There is a staircase back to the Dungeon, spattered with blood here.
You slash the komodo dragon!
The komodo dragon is moderately wounded.
You hit the water moccasin. You drain the water moccasin! You slash the fungus!
The komodo dragon bites you!! The water moccasin bites you.
The water moccasin bites you but does no damage.
The komodo dragon bites you!!
Ouch! That really hurt!
You die...

...........#
...........#
...........
........$.#
.../......#
..........#
........l#
.......@.#
......SRP.#
##..#......#
#. ####....#
##..# ##.#
#.. #.


You could see the friendly Blubba the battlemage, a komodo dragon and a water
moccasin.

Vanquished Creatures
  A spiny frog (D:8)
  4 yaks
  A hungry ghost (D:8)
  An ice beast (D:8)
  2 ogres
  A black bear (D:8)
  A sky beast (D:5)
  5 wolves (D:8)
  2 bullfrogs (D:6)
  A wyvern zombie (D:7)
  A howler monkey (D:6)
  3 crimson imps
  3 orc priests
  A centaur skeleton (D:5)
  6 orc wizards
  5 worker ants
  2 hound zombies (Ossuary)
  3 hound skeletons
  4 mummies (Ossuary)
  9 gnolls
  5 adders
  2 howler monkey skeletons
  4 oozes
  An adder skeleton (D:4)
  2 adder zombies (Ossuary)
  4 worms
  2 dart slugs
  5 leopard geckos
  21 orcs
  A ball python (D:4)
  8 bats
  13 giant cockroaches
  11 goblins
  4 hobgoblins
  8 jackals
  3 quokkas
  A ball python skeleton (D:5)
  8 frilled lizards
  2 gnoll zombies (Ossuary)
  A goblin zombie (Ossuary)
  2 hobgoblin zombies (Ossuary)
  10 kobolds
  A kobold zombie (Ossuary)
  A leopard gecko skeleton (D:4)
  An orc zombie (Ossuary)
  7 rats
  A rat zombie (Ossuary)
  A plant (D:5)
186 creatures vanquished.

Vanquished Creatures (collateral kills)
  A hydra (D:7)
  2 yaks (D:6)
  A wyvern (D:8)
  An ogre (D:6)
  A centaur (D:7)
  2 bullfrogs
  A wight (D:8)
  A jelly (D:7)
  An orc wizard (D:7)
  A hound zombie (D:8)
  2 adders
  A leopard gecko (D:8)
  5 orcs
20 creatures vanquished.

Vanquished Creatures (others)
  A battlemage (Lair:1)
  An ancestor (D:6)
2 creatures vanquished.

Grand Total: 208 creatures vanquished

Notes
Turn   | Place    | Note
-------+----------+-------------------------------------------
     0 | D:1      | Kwzr the Tengu Warper began the quest for the Orb.
     0 | D:1      | Reached XP level 1. HP: 12/12 MP: 4/4
   233 | D:1      | Reached XP level 2. HP: 18/18 MP: 6/6
   238 | D:1      | Learned a level 2 spell: Blink
   432 | D:1      | Reached XP level 3. HP: 17/22 MP: 7/7
  1114 | D:2      | Reached XP level 4. HP: 27/27 MP: 8/8
  1764 | D:3      | Reached skill level 1 in Shields
  1939 | D:3      | Gained mutation: You can fly. [Tengu growth]
  1939 | D:3      | Reached XP level 5. HP: 32/32 MP: 9/9
  2012 | D:3      | Found an opulent altar of Gozag.
  2080 | D:3      | Found a shattered altar of Ashenzari.
  2102 | D:3      | Learned a level 2 spell: Shroud of Golubria
  2959 | D:4      | Reached XP level 6. HP: 37/37 MP: 10/10
  3214 | D:4      | Found a sand-covered staircase.
  3219 | Ossuary  | Entered an ossuary
  3269 | Ossuary  | Reached skill level 5 in Maces & Flails
  3521 | D:4      | Found a hazy altar of Hepliaklqana.
  3531 | D:4      | Became a worshipper of Hepliaklqana the Forgotten
  3579 | D:4      | Found Lopanute's Weapon Boutique.
  3588 | D:4      | Bought a +3 war axe of draining for 233 gold pieces
  3658 | D:4      | Found a shadowy altar of Dithmenos.
  3873 | D:4      | Found a shimmering altar of Xom.
  4113 | D:5      | Entered Level 5 of the Dungeon
  4125 | D:5      | Reached XP level 7. HP: 36/36 MP: 11/11
  4130 | D:5      | Found a staircase to the Ecumenical Temple.
  4203 | D:5      | Reached skill level 5 in Dodging
  4353 | D:5      | Found a snail-covered altar of Cheibriados.
  4461 | D:5      | Found a burning altar of Makhleb.
  4486 | D:5      | Reached * piety under Hepliaklqana
  4782 | D:6      | Noticed a yak
  4782 | D:6      | Noticed a yak
  4786 | D:6      | Noticed a yak
  4787 | D:6      | Noticed a yak
  4787 | D:6      | Noticed a yak
  4788 | D:6      | Noticed a yak
  4794 | D:5      | Killed a yak
  4794 | D:5      | Reached XP level 8. HP: 23/43 MP: 12/12
  4797 | D:5      | Killed a yak
  4957 | D:6      | Killed a yak
  4967 | D:6      | Killed a yak
  4970 | D:6      | Killed a yak
  4970 | D:6      | Reached skill level 5 in Spellcasting
  4975 | D:6      | Killed a yak
  4993 | D:6      | Learned a level 3 spell: Teleport Other
  5156 | D:6      | Found a basalt altar of Yredelemnul.
  5187 | D:6      | Found a sacrificial altar of Ru.
  5193 | D:6      | Reached XP level 9. HP: 46/46 MP: 17/19
  5478 | D:6      | Reached ** piety under Hepliaklqana
  5479 | D:6      | Remembered your ancestor Blubba as a battlemage
  5572 | D:6      | Reached skill level 1 in Charms
  5598 | D:6      | Got an ichor-stained plate armour
  5609 | D:6      | Identified the cursed +0 plate armour "Omysio" {rN+ Int+4} (You found it on level 6 of the Dungeon)
  5761 | D:6      | Reached skill level 5 in Translocations
  6280 | D:7      | Found a glowing golden altar of the Shining One.
  6769 | D:7      | Reached skill level 2 in Armour
  6787 | D:7      | Noticed an eight-headed hydra
  6794 | D:7      | Killed an eight-headed hydra
  6794 | D:7      | Reached skill level 6 in Armour
  7144 | D:8      | Reached XP level 10. HP: 50/50 MP: 20/20
  7217 | D:8      | Reached skill level 7 in Armour
  7308 | D:8      | Reached *** piety under Hepliaklqana
  7401 | D:8      | Found a staircase to the Lair.
  7527 | D:8      | Found a glowing silver altar of Zin.
  7571 | D:8      | Reached skill level 8 in Armour
  7941 | Lair:1   | Entered Level 1 of the Lair of Beasts
  7941 | Lair:1   | Noticed a spiny frog
  8003 | D:8      | Killed a spiny frog
  8025 | D:8      | HP: 2/50 [poisoned by a spiny frog]
  8033 | D:8      | HP: 2/50 [poisoned by a spiny frog]
  8337 | Lair:1   | Slain by a komodo dragon

Skill      XL: |  1  2  3  4  5  6  7  8  9 10 |
---------------+-------------------------------+-----
Maces & Flails | 3 4 5 6 7 |  7.6
Fighting       | 3 4 |  4.0
Shields        | 1 2 |  2.0
Dodging        | 4 5 |  5.3
Translocations | 3 4 5 |  5.3
Spellcasting   | 6 |  6.0
Charms         | 3 |  3.0
Armour         | 6 8 |  8.0
Throwing       | |  1.0

Action                   |  1- 3 |  4- 6 |  7- 9 | 10-12 || total
-------------------------+-------+-------+-------+-------++-------
Melee: Mace              |    45 |    92 |       |       ||   137
       Peck              |     6 |    14 |    13 |     5 ||    38
       Kick              |     6 |    26 |    28 |    10 ||    70
       War axe           |       |    14 |    81 |    42 ||   137
 Fire: Hunting sling     |       |    51 |    65 |     8 ||   124
Throw: Stone             |    25 |    46 |     4 |       ||    75
 Cast: Blink             |     1 |     1 |     3 |     1 ||     6
       Shroud of Golubri |       |     1 |     3 |     2 ||     6
Invok: Ancestor Identity |       |     1 |       |       ||     1
       Ancestor Life: Ba |       |       |     1 |       ||     1
 Abil: Fly               |       |     2 |     1 |       ||     3
Evoke: Wand              |       |       |     4 |     1 ||     5
  Use: Scroll            |       |     3 |    12 |     2 ||    17
       Potion            |       |     2 |       |     2 ||     4
 Stab: Sleeping          |       |     1 |     1 |       ||     2
  Eat: Chunk             |     1 |     9 |     9 |     5 ||    24
       Pizza             |       |       |     1 |       ||     1
Armor: Leather armour    |     7 |    29 |    16 |    17 ||    69
       Skin              |       |     3 |       |       ||     3
Dodge: Dodged            |    24 |    88 |    43 |    32 ||   187
Block: Buckler           |       |    19 |    12 |    10 ||    41
